 Dungeon Crawl Stone Soup version 0.23.2 (webtiles) character file.

Game seed: 10112616689937066094

192 Menchi the Sneak (level 5, -1/36 HPs)
             Began as an Octopode Assassin on Apr 7, 2019.
             Slain by a goblin
             ... wielding a +0 club
             ... led by Robin
              (5 damage)
             ... on level 1 of the Dungeon.
             The game lasted 00:02:17 (1069 turns).

Menchi the Sneak (Octopode Assassin)                Turns: 1069, Time: 00:02:18

Health: -1/36      AC:  1    Str: 10    XL:     5   Next: 71%
Magic:  5/5        EV: 13    Int: 14    God:
Gold:   24         SH:  0    Dex: 14    Spells: 4/4 levels left

rFire    . . .     SeeInvis .   m - +2 short sword (venom)
rCold    . . .     Gourm    .   (no shield)
rNeg     . . .     Faith    .   (helmet restricted)
rPois    .         Spirit   .   (no amulet)
rElec    .         Reflect  .   (no ring)
rCorr    .         Harm     .   (no ring)
MR       .....                  (no ring)
Stlth    +++++.....             (no ring)
HPRegen  0.12/turn              (no ring)
MPRegen  0.09/turn              (no ring)
                                (no ring)
                                (no ring)

@: no status effects
A: almost no armour, stealthy swim, amphibious, 8 rings, constrict 8, camouflage
1, gelatinous body 1
a: no special abilities


You were on level 1 of the Dungeon.
You were not hungry.

You visited 1 branch of the dungeon, and saw 2 of its levels.

You collected 24 gold pieces.

Inventory:

Hand Weapons
 a - a +2 dagger
 b - a +0 blowgun
 m - a +2 short sword of venom (weapon)
Missiles
 c - 20 poisoned needles
 d - 2 curare-tipped needles
Scrolls
 g - 3 scrolls of remove curse {unknown}
 h - a scroll of teleportation {unknown}
 k - a scroll of enchant weapon {unknown}
 o - a scroll of enchant armour {unknown}
 p - 2 scrolls of identify {unknown}
Potions
 e - 3 potions of degeneration {unknown}
 i - a potion of berserk rage {unknown}
 j - a potion of resistance {unknown}
 l - 3 potions of flight {unknown}
 n - a potion of heal wounds {unknown}
Comestibles
 f - 3 rations


   Skills:
 * Level 2.8 Fighting
 * Level 3.1 Short Blades
 - Level 2.0 Throwing
 * Level 2.1 Dodging
 + Level 7.6 Stealth


You had 4 spell levels left.
You didn't know any spells.
Your spell library was empty.

Dungeon Overview and Level Annotations

Branches:
Dungeon (2/15)

Altars:
Okawaru

Annotations:
D:2 Robin


Innate Abilities, Weirdness & Mutations

You cannot wear most types of armour.
You are very stealthy in the water. (Stealth+)
You are amphibious.
You can wear up to eight rings at the same time.
You can use your tentacles to constrict eight enemies at once.
Your skin changes colour to match your surroundings (Stealth+).
Your rubbery body absorbs attacks. (AC +1, EV +1)


Message History

You are too injured to fight recklessly!
You completely miss the goblin. You grab the goblin. You squeeze the goblin.
The goblin is severely wounded.
You constrict the goblin.
You kill the goblin!
The hobgoblin barely misses you.
You closely miss the hobgoblin. You grab the hobgoblin.
You constrict the hobgoblin, but do no damage.
The goblin hits you but does no damage. The hobgoblin hits you with a +0 club.
* * * LOW HITPOINT WARNING * * *
You hit the hobgoblin.
The hobgoblin is poisoned.
The hobgoblin is heavily wounded.
You constrict the hobgoblin. The goblin hits you but does no damage.
The hobgoblin misses you.
You hit the hobgoblin.
The hobgoblin looks as sick as possible!
You squeeze the hobgoblin.
You kill the hobgoblin!
The goblin hits you with a +0 club.
You die...

######
.....#############
...............g@#
.###############g#
## #.# # #.# #
###########.# #
#...........# #
#.########### #
#.# ######.#


You could see a hobgoblin and a goblin.

Vanquished Creatures
  Sigmund (D:2)
  7 goblins
  4 hobgoblins
  2 kobolds (D:2)
  A ball python (D:1)
  4 bats
  A frilled lizard (D:1)
  3 rats
23 creatures vanquished.

Notes
Turn   | Place    | Note
-------+----------+-------------------------------------------
     0 | D:1      | Menchi the Octopode Assassin began the quest for the Orb.
     0 | D:1      | Reached XP level 1. HP: 14/14 MP: 1/1
   167 | D:1      | Reached XP level 2. HP: 19/19 MP: 2/2
   700 | D:2      | Noticed Sigmund
   713 | D:2      | Killed Sigmund
   713 | D:2      | Reached skill level 7 in Stealth
   713 | D:2      | Reached XP level 3. HP: 5/25 MP: 3/3
   713 | D:2      | Reached XP level 4. HP: 7/30 MP: 4/4
   713 | D:2      | Reached XP level 5. HP: 8/36 MP: 5/5
  1024 | D:2      | Found an iron altar of Okawaru.
  1027 | D:2      | Noticed Robin
  1069 | D:1      | Slain by a goblin

Skill      XL: |  1  2 |
---------------+-------+-----
Short Blades   | 3 |  3.1
Dodging        | 2 |  2.1
Stealth        | 7 |  7.6
Fighting       | |  2.8
Throwing       | |  2.0

Action                   |  1- 3 |  4- 6 || total
-------------------------+-------+-------++-------
Melee: Dagger            |    12 |       ||    12
       Short sword       |    10 |    13 ||    23
       Constrict         |     2 |     5 ||     7
       Tentacles         |     1 |     3 ||     4
 Stab: Sleeping          |    12 |       ||    12
Armor: Skin              |       |     2 ||     2
Dodge: Dodged            |     3 |    21 ||    24
